 Dungeon Crawl Stone Soup version 0.26-a0-540-g8a0c9464d7 (webtiles) character file.

Game seed: 17570383087347214230

4518 night the Frost Mage (level 10, -1/64 HPs)
             Began as a Gargoyle Ice Elementalist on Aug 21, 2020.
             Was a Priest of Vehumet.
             Slain by a troll (9 damage)
             ... led by an orc high priest
             ... while paralysed
             ... on level 1 of the Orcish Mines on Aug 22, 2020.
             The game lasted 00:29:01 (10085 turns).

night the Frost Mage (Gargoyle Ice Elementalist)   Turns: 10085, Time: 00:29:01

Health: -1/64      AC: 17    Str: 12    XL:     10   Next: 39%
Magic:  20/20      EV:  2    Int: 19    God:    Vehumet [***...]
Gold:   40         SH:  0    Dex: 10    Spells: 8/23 levels left

rFire    + . .     SeeInvis +   R - +8 morningstar of Ucwaaruiva {vorpal, rF+ SInv}
rCold    . . .     Faith    .   (no shield)
rNeg     + . .     Spirit   .   a - +0 robe
rPois    ∞         Reflect  +   q - +1 helmet
rElec    +         Harm     .   z - +1 cloak
rCorr    .                      (no gloves)
MR       .....                  (no boots)
Stlth    ++........             i - amulet of reflection
HPRegen  0.20/turn              (no ring)
MPRegen  0.17/turn              v - +4 ring of protection

@: paralysed, berserk cooldown, slowed
A: negative energy resistance 1, electricity resistance, unbreathing,
petrification resistance, rot immunity, AC +7
a: Renounce Religion


You were on level 1 of the Orcish Mines.
You worshipped Vehumet.
Vehumet was most pleased with you.
You visited 3 branches of the dungeon, and saw 11 of its levels.

You collected 846 gold pieces.
You spent 806 gold pieces at shops.

Inventory:

Hand Weapons
 H - the +0 morningstar of Defiance {protect, Dex+6}
   (You bought it in a shop on level 6 of the Dungeon)

   It grants its wielder temporary protection when it strikes (+7 to AC).
   It affects your dexterity (+6).
 R - the +8 morningstar of Ucwaaruiva (weapon) {vorpal, rF+ SInv}
   (You bought it in a shop on level 6 of the Dungeon)

   It inflicts extra damage upon your enemies.
   It protects you from fire.
   It lets you see invisible.
Missiles
 n - 2 throwing nets
 s - 16 poisoned darts (quivered)
 I - 6 curare-tipped darts
Armour
 a - a +0 robe (worn)
 q - a +1 helmet (worn)
 z - a +1 cloak (worn)
 K - a +0 ring mail of cold resistance
Magical Staves
 J - an uncursed staff of death
 P - an uncursed staff of earth
Jewellery
 i - an amulet of reflection (around neck)
 t - an uncursed ring of fire
 v - a +4 ring of protection (right hand)
 M - a +6 ring of intelligence {unknown}
 Q - an uncursed ring of stealth {unknown}
Wands
 r - a wand of paralysis (7)
 x - a wand of random effects (10)
 A - a wand of iceblast (4)
 F - a wand of flame (26)
Scrolls
 c - 4 scrolls of remove curse
 k - 4 scrolls of teleportation
 o - 7 scrolls of identify
 w - a scroll of fog
 y - a scroll of amnesia
 B - 2 scrolls of blinking
Potions
 b - 3 potions of curing
 d - 7 potions of heal wounds
 e - 3 potions of haste
 f - 5 potions of might
 j - 2 potions of resistance
 l - a potion of stabbing
 m - a potion of cancellation
 p - 3 potions of lignification
 C - a potion of mutation {unknown}
 D - 2 potions of brilliance {unknown}
 E - a potion of degeneration {unknown}
 N - a potion of flight {unknown}


   Skills:
 + Level 8.1 Fighting
 + Level 7.2 Maces & Flails
 - Level 1.5 Dodging
 - Level 2.1 Stealth
 + Level 7.1 Spellcasting
 + Level 8.6 Ice Magic


You had 8 spell levels left.
You knew the following spells:

 Your Spells              Type           Power        Failure   Level
a - Freeze                Ice            ####         1%          1
b - Frozen Ramparts       Ice            #####.       1%          3
c - Hailstorm             Conj/Ice       ###.....     4%          4
d - Summon Ice Beast      Ice/Summ       ###.....     17%         4
e - Ozocubu's Armour      Ice            #####...     1%          3

Your spell library contained the following spells:

 Spells                   Type           Power        Failure   Level
 Conjure Flame            Conj/Fire      #.......     9%          3


Dungeon Overview and Level Annotations

Branches:
Dungeon (9/15)             Temple (1/1) D:5             Orc (1/2) D:9
   Lair: D:8-11

Altars:
Ashenzari
Cheibriados
Dithmenos
Elyvilon
Fedhas
Gozag
Hepliaklqana
Kikubaaqudgha
Makhleb
Nemelex Xobeh
Okawaru
Qazlal
Ru
Sif Muna
Trog
Uskayaw
Vehumet
Wu Jian
Xom
Yredelemnul
Zin
The Shining One

Shops:
D:6 !([(}

Annotations:
D:8 1 runed translucent door, XanderDroid's ghost, novice GnWn


Innate Abilities, Weirdness & Mutations

You are resistant to torment.
Your stone body is resilient. (AC +7)
You are immune to poison.
You resist negative energy. (rN+)
You are resistant to electric shocks. (rElec)
You can survive without breathing.
You are immune to petrification.
You are immune to rotting.


Message History

You feel less ready to backstab.
It was a potion of berserk rage.
A red film seems to cover your vision as you go berserk!
You feel yourself moving faster!
You feel mighty!
An orc comes into view. It is wielding a -2 dagger.
You feel a strong urge to attack something.
The orc high priest shouts!
You hear a shout! x3
The stone giant throws a large rock.
The large rock hits you!!
* * * LOW HITPOINT WARNING * * *
The orc high priest utters an invocation to Beogh.
You see here a large rock.
You feel your anger nearly subside.
You are no longer berserk.
You pass out from exhaustion.
You feel yourself slow down. The stone giant hits you.
* * * LOW HITPOINT WARNING * * *
The orc warrior hits you but does no damage.
The troll bites you!
You die...

#..###.....# ...#
#..#..##.## ...#
###....##..#
#..###.##......##
..##......#..##
##.##.....###.#
##..#..#.#..####
#.....#######
##...@## #...CT## #
##..o3o## . #..
##....(#.#...o
.....#..$.#....o...
#....)(##..o.#.#.
#.....###....# #
####.(# .....o.
....# #....#.#


You could see a stone giant, an orc high priest, a troll, a sixfirhy (summoned),
2 orc warriors and an orc.

Vanquished Creatures
  An orc high priest (Orc:1)
  Joseph (D:9)
  A hippogriff (D:7)
  Sigmund (D:2)
  A water moccasin (D:9)
  3 orc warriors
  2 sky beasts (D:5)
  A necrophage (D:6)
  8 ogres
  2 centaurs
  A big kobold (D:8)
  2 bullfrogs
  2 gnoll sergeants
  A water moccasin zombie (D:9)
  2 scorpions
  A wight (D:6)
  2 hounds
  5 orc priests
  11 orc wizards
  2 iguanas
  5 worker ants
  A hound skeleton (D:5)
  Robin (D:3)
  9 gnolls
  3 adders
  3 worker ant zombies
  8 river rats (D:6)
  A shadow imp (D:5)
  A white imp (D:7)
  An ufetubus (D:7)
  2 adder skeletons
  3 worms
  3 dart slugs
  4 leopard geckos
  30 orcs
  3 giant cockroaches
  9 hobgoblins
  16 jackals
  10 quokkas
  6 bats
  4 frilled lizards
  15 goblins
  A jackal zombie (D:2)
  12 kobolds
  A quokka skeleton (D:7)
  27 rats
229 creatures vanquished.

Vanquished Creatures (collateral kills)
  Duvessa (D:6)
  A phantom (D:8)
  Dowan (D:6)
  2 wights (D:6)
  3 orcs (D:6)
8 creatures vanquished.

Grand Total: 237 creatures vanquished

Notes
Turn   | Place    | Note
-------+----------+-------------------------------------------
     0 | D:1      | night the Gargoyle Ice Elementalist began the quest for the
                  | Orb.
     0 | D:1      | Reached XP level 1. HP: 10/10 MP: 3/3
   232 | D:1      | Reached XP level 2. HP: 13/16 MP: 0/5
   441 | D:1      | Reached skill level 1 in Fighting
   807 | D:1      | HP: 2/16 [worm (5)]
  1288 | D:2      | Reached XP level 3. HP: 20/20 MP: 6/6
  1293 | D:2      | Learned a level 3 spell: Frozen Ramparts
  2032 | D:2      | Noticed Sigmund
  2053 | D:2      | Killed Sigmund
  2053 | D:2      | Reached skill level 2 in Fighting
  2053 | D:2      | Reached skill level 2 in Maces & Flails
  2053 | D:2      | Reached XP level 4. HP: 23/27 MP: 0/8
  2053 | D:2      | Reached XP level 5. HP: 26/31 MP: 0/9
  2595 | D:3      | Found a shattered altar of Ashenzari.
  3027 | D:3      | Noticed Robin
  3035 | D:3      | Reached XP level 6. HP: 34/36 MP: 6/10
  3036 | D:3      | Reached skill level 5 in Ice Magic
  3042 | D:3      | Killed Robin
  3675 | D:4      | Found a sacrificial altar of Ru.
  3682 | D:4      | Reached XP level 7. HP: 41/41 MP: 8/12
  4342 | D:4      | Learned a level 3 spell: Ozocubu's Armour
  4347 | D:4      | Learned a level 4 spell: Summon Ice Beast
  4900 | D:5      | Entered Level 5 of the Dungeon
  4918 | D:5      | Reached XP level 8. HP: 48/48 MP: 10/14
  5213 | D:5      | Reached skill level 5 in Fighting
  5288 | D:5      | Found a staircase to the Ecumenical Temple.
  5505 | Temple   | Entered the Ecumenical Temple
  5551 | Temple   | Became a worshipper of Vehumet
  5663 | D:5      | Learned a level 4 spell: Hailstorm
  5769 | D:6      | Found Jeopn's Antique Armour Shop.
  5785 | D:6      | Reached skill level 5 in Spellcasting
  5880 | D:6      | Noticed Duvessa
  5894 | D:6      | Killed Duvessa
  5898 | D:6      | Noticed Dowan
  5903 | D:6      | Killed Dowan
  5967 | D:6      | Bought an embroidered cloak for 180 gold pieces
  5972 | D:6      | Bought a glowing cloak for 180 gold pieces
  6058 | D:6      | Found Ilawoh's Antique Weapon Shop.
  6068 | D:6      | Reached skill level 5 in Maces & Flails
  6312 | D:6      | Reached XP level 9. HP: 53/55 MP: 8/17
  6313 | D:6      | Reached * piety under Vehumet
  6313 | D:6      | Offered knowledge of Sandblast by Vehumet.
  6683 | D:6      | Found Vivvuj's Gadget Shoppe.
  6694 | D:6      | Found Giwewnayss's Antique Weapon Emporium.
  6901 | D:6      | Found Saqo's Distillery.
  6909 | D:6      | Bought a potion of heal wounds for 50 gold pieces
  7347 | D:7      | Found an iron altar of Okawaru.
  7360 | D:7      | Offered knowledge of Searing Ray by Vehumet.
  7362 | D:7      | Reached ** piety under Vehumet
  7982 | D:6      | Bought a polished morningstar for 216 gold pieces
  7982 | D:6      | Identified the cursed +0 morningstar of Defiance {protect,
                  | Dex+6} (You bought it in a shop on level 6 of the Dungeon)
  8306 | D:8      | Found a runed translucent door.
  8306 | D:8      | Noticed XanderDroid's ghost (novice GnWn)
  8515 | D:8      | Found a faded altar of an unknown god.
  8515 | D:8      | Found a shimmering altar of Xom.
  8520 | D:8      | Found a burning altar of Makhleb.
  8522 | D:8      | Found a faded altar of an unknown god.
  8524 | D:8      | Found a sparkling altar of Nemelex Xobeh.
  9150 | D:9      | Noticed Joseph
  9158 | D:9      | Killed Joseph
  9158 | D:9      | Reached XP level 10. HP: 62/63 MP: 14/19
  9302 | D:9      | Found a shimmering blue altar of Sif Muna.
  9306 | D:9      | Found a shadowy altar of Dithmenos.
  9306 | D:9      | Found a basalt altar of Yredelemnul.
  9317 | D:9      | Found a bloodstained altar of Trog.
  9321 | D:9      | Found a white marble altar of Elyvilon.
  9353 | D:9      | Offered knowledge of Conjure Flame by Vehumet.
  9606 | D:9      | Found a staircase to the Orcish Mines.
  9860 | D:6      | Bought a pitted morningstar for 180 gold pieces
  9863 | D:6      | Identified the +8 morningstar of Ucwaaruiva {vorpal, rF+
                  | SInv} (You bought it in a shop on level 6 of the Dungeon)
  9913 | Orc:1    | Entered Level 1 of the Orcish Mines
  9937 | Orc:1    | Noticed an orc high priest
  9941 | Orc:1    | Noticed a smoke demon
  9942 | Orc:1    | Killed an orc high priest
  9944 | Orc:1    | Reached *** piety under Vehumet
 10068 | Orc:1    | Noticed a stone giant
 10077 | Orc:1    | Noticed an orc high priest
 10081 | Orc:1    | HP: 14/96 [stone giant/large rock (27)]
 10082 | Orc:1    | Noticed a sixfirhy
 10085 | Orc:1    | Slain by a troll

Illustrated notes

Levels and vault maps discovered:
D:1:      dpeg_arrival_leaves_temple_mockup, layout_basic, minmay_statues_item,
          due_unseen_surprise
D:2:      layout_basic, minmay_tromino_v4_b, uniq_sigmund
D:3:      layout_basic, hangedman_decor_lopped, chequers_serial_rivers_large_a,
          ashenzari_altar_1, uniq_robin
D:4:      minmay_angry_zag, layout_basic, nicolae_ossuary_entry_false_entrances,
          nicolae_ru_great_annihilating_truth
D:5:      layout_rooms, minmay_temple_entry_mini_moons
D:6:      lemuel_ratsnest, layout_rooms, serial_shops, shop, shop, shop, shop,
          shop, uniq_duvessa
D:7:      layout_basic, lemuel_doored_altar, minmay_between
D:8:      layout_layer_cave, chequers_temple_overflow_minitemple,
          hellmonk_ghost_happy_afterlife
D:9:      layout_basic, minmay_overflow_temple_star_hex, serial_glass,
          glass_columns_b, glass_columns_a, glass_columns_a, glass_columns_c,
          uniq_joseph
Temple:   cyrus_circular_temple
Orc:1:    layout_diamond_mine, portal_ice_cave_entry_ice_beasts,
          nicolae_orc_stony_grotto, uniq_sonja, uniq_erica, uniq_fannar

Skill      XL: |  1  2  3  4  5  6  7  8  9 10 |
---------------+-------------------------------+-----
Fighting       | 1 2 3 4 6 7 8 |  8.1
Maces & Flails | 2 3 5 6 7 |  7.2
Spellcasting   | 3 4 5 6 7 |  7.1
Ice Magic      | 5 6 7 8 |  8.6
Dodging        | |  1.5
Stealth        | |  2.1

Action                   |  1- 3 |  4- 6 |  7- 9 | 10-12 || total
-------------------------+-------+-------+-------+-------++-------
Melee: Mace              |    19 |    26 |   166 |       ||   211
       Spear             |     6 |       |       |       ||     6
       Morningstar       |       |       |    20 |    37 ||    57
Throw: Dart              |       |       |     2 |     2 ||     4
 Cast: Freeze            |    46 |    27 |     6 |       ||    79
       Frozen Ramparts   |     1 |    10 |    53 |     8 ||    72
       Summon Ice Beast  |       |       |    12 |     3 ||    15
       Ozocubu's Armour  |       |       |     5 |     2 ||     7
       Hailstorm         |       |       |     2 |     2 ||     4
Evoke: Wand              |       |       |     1 |       ||     1
  Use: Scroll            |     1 |     4 |     7 |     4 ||    16
       Potion            |     1 |       |       |     3 ||     4
 Stab: Sleeping          |     1 |     1 |     2 |       ||     4
       Paralysed         |       |       |     1 |       ||     1
       Distracted        |       |       |       |     1 ||     1
Armor: Robe              |    27 |    21 |    82 |    18 ||   148
       Ring mail         |       |       |     1 |       ||     1
Dodge: Dodged            |    54 |    28 |    97 |    12 ||   191
Block: Other             |       |     1 |    42 |    12 ||    55
       Reflection        |       |       |     3 |     6 ||     9

Table legend: (Time is in decaauts)
 A = Elapsed time spent in this place.
 B = Non-inter-level travel time spent in this place.
 C = Inter-level travel time spent in this place.
 D = Time resting spent in this place.
 E = Time spent auto-exploring this place.
 F = Levels seen in this place.
 G = Mean time per level.
                   A        B        C        D        E       F      G
               +--------+--------+--------+--------+--------+-----+--------+
         Total |  10145 |   9602 |    543 |    956 |   6784 |  11 |  922.3 |
       Dungeon |   9918 |   9383 |    535 |    915 |   6680 |   9 | 1102.0 |
        Temple |     54 |     46 |      8 |      0 |     40 |   1 |   54.0 |
  Orcish Mines |    172 |    172 |      0 |     41 |     64 |   1 |  172.0 |
               +--------+--------+--------+--------+--------+-----+--------+

Top non-repeatable levels by time:
     D:4: 1580 daAuts
     D:6: 1458 daAuts
     D:2: 1206 daAuts
     D:1: 1147 daAuts
     D:8: 1107 daAuts
     D:3: 996 daAuts
     D:7: 877 daAuts
     D:9: 828 daAuts
     D:5: 717 daAuts
   Orc:1: 172 daAuts
  Temple: 54 daAuts
